 Dungeon Crawl Stone Soup version 0.26-a0-712-ga5a9c9c9d0 (webtiles) character file.

Game seed: 1822133934686941093

224 Azzok the Chopper (level 5, 0/61 HPs)
             Began as a Demonspawn Berserker on Nov 6, 2020.
             Was a Believer of Trog.
             Slain by an iguana (5 damage)
             ... on level 4 of the Dungeon.
             The game lasted 00:05:21 (3221 turns).

Azzok the Chopper (Demonspawn Berserker)            Turns: 3221, Time: 00:05:22

Health: 0/61       AC: 10    Str: 18    XL:     5   Next: 67%
Magic:  5/5        EV:  5    Int: 13    God:    Trog [**....]
Gold:   209        SH:  3    Dex: 12    Spells: 4/4 levels left

rFire    + . .     SeeInvis .   g - +2 dagger (elec)
rCold    x . .     Faith    .   n - +0 buckler
rNeg     . . .     Spirit   .   e - +0 plate armour
rPois    .         Reflect  .   (no helmet)
rElec    .         Harm     .   d - scarf {+Inv}
rCorr    .         Rampage  .   (no gloves)
MR       .....                  (no boots)
Stlth    ..........             (no amulet)
HPRegen  0.20/turn              (no ring)
MPRegen  0.09/turn              f - ring of fire

@: berserking, lethally poisoned (0 -> -11), very quick
A: talons 1, big brain 2
a: Berserk, Trog's Hand, Renounce Religion, Evoke Invisibility


You were on level 4 of the Dungeon.
You worshipped Trog.
Trog was pleased with you.
You visited 1 branch of the dungeon, and saw 4 of its levels.

You collected 209 gold pieces.

Inventory:

Hand Weapons
 a - a +0 hand axe
 g - a +2 dagger of electrocution (weapon)
Armour
 d - a scarf of invisibility (worn)
 e - a +0 plate armour (worn)
 n - a +0 buckler (worn)
Jewellery
 f - a ring of fire (right hand)
Scrolls
 h - 2 scrolls of remove curse
 k - a scroll of fear {unknown}
 l - a scroll of fog {unknown}
Potions
 b - a potion of berserk rage {unknown}
 c - 2 potions of mutation {!q}
 i - a potion of curing
 j - a potion of invisibility {unknown}
 m - a potion of brilliance


   Skills:
 - Level 3.0 Fighting
 + Level 5.7 Axes
 - Level 1.7 Armour
 - Level 1.7 Dodging
 + Level 1.0 Shields


You had 4 spell levels left.
You didn't know any spells.
Your spell library was empty.

Dungeon Overview and Level Annotations

Branches:
Dungeon (4/15)             Temple (0/1) D:4

Altars:
Okawaru


Innate Abilities, Weirdness & Mutations

You have sharp toenails.
You have an extremely huge brain. (Int +4)


Message History

An iguana comes into view.
The worker ant barely misses you.
The iguana hisses angrily.
You hit the worker ant.
You kill the worker ant!
Trog accepts your kill.
Your Shields skill increases to level 1!
You feel sick.
You feel sick.
You feel sick.
You hit the iguana but do no damage.
You feel sick. The iguana bites you.
You barely miss the iguana.
* * * LOW HITPOINT WARNING * * *
You feel sick. The iguana bites you!
* * * LOW HITPOINT WARNING * * *
A red film seems to cover your vision as you go berserk!
You feel yourself moving faster!
You feel mighty!
* * * LOW HITPOINT WARNING * * *
You feel sick. The iguana bites you.
You die...

▒▒▒▒▒▒▒▒
▒▒▒▒▒▒▒▒······▒
▒▒·····▒▒·)····▒▒ ▒▒·
▒············▒ ▒ ▒▒··
▒···▒▒▒▒▒····▒
▒··▒···▒▒▒···▒▒▒▒····▒
▒···:········▒▒·····▒
▒··?▒·@···▒···▒·····▒▒▒
▒· ▒·l>··▒▒▒·▒········
▒·····▒ ·▒········
····················
▒···▒▒▒···▒▒▒······†·
····· ···············
▒▒··· ···▒▒▒▒▒▒▒····
▒▒·· ·▒▒ ▒▒▒▒▒


You could see an iguana.

Vanquished Creatures
  2 orc wizards (D:3)
  A worker ant (D:4)
  A hound skeleton (D:4)
  4 adders
  An ooze (D:2)
  A worm (D:3)
  4 dart slugs
  3 leopard geckos
  3 orcs
  A ball python (D:2)
  9 bats
  4 giant cockroaches
  12 goblins
  9 hobgoblins
  2 jackals (D:2)
  A quokka (D:3)
  4 frilled lizards
  A jackal skeleton (D:4)
  7 kobolds
  3 rats
73 creatures vanquished.

Notes
Turn   | Place    | Note
-------+----------+-------------------------------------------
     0 | D:1      | Azzok the Demonspawn Berserker began the quest for the Orb.
     0 | D:1      | Reached XP level 1. HP: 18/18 MP: 1/1
   261 | D:1      | Reached skill level 3 in Axes
   298 | D:1      | Gained mutation: You have an unusually large brain. (Int
                  | +2) [demonic ancestry]
   298 | D:1      | Reached XP level 2. HP: 24/24 MP: 2/2
   388 | D:1      | HP: 1/24 [kobold/+2 dagger of electrocution (13)]
   393 | D:1      | HP: 1/36 [kobold/+0 dagger (1)]
  1262 | D:1      | Reached XP level 3. HP: 29/29 MP: 3/3
  1527 | D:2      | Reached skill level 4 in Axes
  1958 | D:2      | Reached ** piety under Trog
  2002 | D:2      | Gained mutation: You have sharp toenails. [demonic
                  | ancestry]
  2002 | D:2      | Reached XP level 4. HP: 35/35 MP: 4/4
  2464 | D:3      | Reached skill level 5 in Axes
  2474 | D:3      | Gained mutation: You have an extremely huge brain. (Int +4)
                  | [demonic ancestry]
  2474 | D:3      | Reached XP level 5. HP: 37/41 MP: 5/5
  2547 | D:3      | Found an iron altar of Okawaru.
  3203 | D:4      | Found a staircase to the Ecumenical Temple.
  3216 | D:4      | Reached skill level 1 in Shields
  3221 | D:4      | Slain by an iguana

Illustrated notes

Levels and vault maps discovered:
D:1:      minmay_arrival_loop, layout_basic
D:2:      minmay_skewed_foursquare, layout_basic
D:3:      layout_rooms, nicolae_overflow_crystal_walls
D:4:      layout_basic, minmay_temple_entry_tees

Skill      XL: |  1  2  3  4  5 |
---------------+----------------+-----
Axes           | 3 4 5 |  5.7
Shields        | 1 |  1.0
Fighting       | |  3.0
Armour         | |  1.7
Dodging        | |  1.7

Action                   |  1- 3 |  4- 6 || total
-------------------------+-------+-------++-------
Melee: Hand axe          |    32 |       ||    32
       Dagger            |    87 |    88 ||   175
       Kick              |       |    24 ||    24
Invok: Berserk           |     3 |     1 ||     4
  Use: Scroll            |     6 |     2 ||     8
Armor: Animal skin       |    31 |       ||    31
       Plate armour      |    18 |    47 ||    65
Dodge: Dodged            |    70 |    18 ||    88
Block: Buckler           |       |     3 ||     3

Table legend: (Time is in decaauts)
 A = Elapsed time spent in this place.
 B = Non-inter-level travel time spent in this place.
 C = Inter-level travel time spent in this place.
 D = Time resting spent in this place.
 E = Time spent auto-exploring this place.
 F = Levels seen in this place.
 G = Mean time per level.
                   A        B        C        D        E       F      G
               +--------+--------+--------+--------+--------+-----+--------+
         Total |   3247 |   3154 |     93 |     43 |   2541 |   4 |  811.8 |
       Dungeon |   3247 |   3154 |     93 |     43 |   2541 |   4 |  811.8 |
               +--------+--------+--------+--------+--------+-----+--------+

Top non-repeatable levels by time:
     D:1: 1461 daAuts
     D:2: 927 daAuts
     D:3: 624 daAuts
     D:4: 233 daAuts
